 Dungeon Crawl Stone Soup version 0.30-a0-118-ga018f8e90f (webtiles) character file.

Game seed: 6182484941228251847

53 MisterAzrael the Magician (level 3, -5/19 HPs)
             Began as a Deep Elf Hedge Wizard on Sept 13, 2022.
             Slain by Sigmund
             ... wielding a +0 scythe
              (10 damage)
             ... on level 2 of the Dungeon.
             The game lasted 00:03:20 (1824 turns).

MisterAzrael the Magician (Deep Elf Hedge Wizard)   Turns: 1824, Time: 00:03:21

Health: -5/19      AC:  2    Str:  7    XL:     3   Next: 62%
Magic:  0/11       EV: 12    Int: 20    God:
Gold:   134        SH:  0    Dex: 14    Spells: 2/12 levels left

rFire   . . .      SeeInvis .    a - +0 dagger
rCold   . . .      Faith    .    (no shield)
rNeg    . . .      Spirit   .    b - +0 robe
rPois   .          Reflect  .    c - +0 hat
rElec   .          Harm     .    (no cloak)
rCorr   .          Rampage  .    (no gloves)
Will    .....                    (no boots)
Stlth   +.........               (no amulet)
HPRegen 0.06/turn                (no ring)
MPRegen 0.12/turn                (no ring)

@: confused
A: no striking features
a: no special abilities


You were on level 2 of the Dungeon.
You visited 1 branch of the dungeon, and saw 2 of its levels.

You collected 134 gold pieces.

Inventory:

Hand Weapons
 a - a +0 dagger (weapon)
Missiles
 d - 2 throwing nets
Armour
 b - a +0 robe (worn)
 c - a +0 hat (worn)
Scrolls
 f - 2 scrolls of identify {unknown}
 g - a scroll of amnesia {unknown}
Potions
 e - a potion of degeneration {unknown}


   Skills:
 - Level 2.4 Dodging
 - Level 2.4 Stealth
 + Level 5.0 Spellcasting
 * Level 2.7 Conjurations
 - Level 1.1 Summonings
 + Level 2.2 Translocations


You had 2 spell levels left.
You knew the following spells:

 Your Spells              Type           Power      Damage    Failure   Level
a - Magic Dart            Conj           60%        1d6       3%          1
b - Slow                  Hex            20%        N/A       12%         1
c - Blink                 Tloc           28%        N/A       7%          2
d - Call Imp              Summ           9%         N/A       11%         2
e - Cigotuvi's Dreadful   Necr/Pois/Air  10%        N/A       17%         2
f - Searing Ray           Conj           30%        2d5       6%          2

Your spell library contained the following spells:

 Spells                   Type           Power      Damage    Failure   Level
 Mephitic Cloud           Conj/Pois/Air  8%         N/A       24%         3
 Fulminant Prism          Conj/Hex       5%         3d7       54%         4


Dungeon Overview and Level Annotations

Branches:
Dungeon (2/15)

Altars:
Trog

Annotations:
D:2 Sigmund


Message History

Sigmund resists with some effort.
Sigmund barely misses you.
Casting: Slow (safe; 12% risk of failure)
Confirm with . or Enter, or press ? or * to list all spells.
Aiming: Slow (safe; 12% risk of failure)
Press: ? - help, Shift-Dir - straight line, f/p - Sigmund
Aim: Sigmund, wielding a +0 scythe and wearing a +0 robe (ally target, chance to affect: 50%) Sigmund seems to slow down.
The magic dart hits Sigmund.
Sigmund is lightly wounded.
The magic dart hits Sigmund but does no damage.
Sigmund is lightly wounded.
Sigmund drinks a potion.
Sigmund seems to grow stronger.
The magic dart hits Sigmund.
Sigmund is lightly wounded.
Sigmund screams, "Die, monster!"
Sigmund hits you from afar with a +0 scythe!
Ouch! That really hurt!
* * * LOW HITPOINT WARNING * * *
Your crimson imp hits Sigmund.
Casting: Magic Dart (safe; 3% risk of failure)
Confirm with . or Enter, or press ? or * to list all spells.
Aiming: Searing Ray (safe; 6% risk of failure)
Press: ? - help, Shift-Dir - straight line, f/p - Sigmund
Aim: Sigmund, wielding a +0 scythe and wearing a +0 robe (lightly wounded, strong, slow, ally target, 73% to hit)
The searing ray hits Sigmund!
Sigmund is heavily wounded. (Press . to maintain the ray.)
Your crimson imp hits Sigmund.
The searing ray misses Sigmund.
Sigmund closely misses you.
Your crimson imp blinks!
The searing ray hits Sigmund.
Sigmund is severely wounded.
Sigmund is no longer moving slowly.
Sigmund gestures at you while chanting.
You are confused.
You bump into the crystal wall.
You're too confused to move!
Sigmund hits you from afar with a +0 scythe!
Ouch! That really hurt!
You die...

.....###.#5#
#...##)##.#.#
.##.#.##.#.#
##.#.#.##5#ยง##
##.#.#.#.##.#.##
##.#.###.#.##.#.##
#.#.##.##.#.##@#.##
.#.##.#.##.#.##.#.##
#.##.#.#.##.#.##@#.##
.##.#...#.##.#.##.#.##
## #.##....##.#.##.#.#
.##.#.##.#...#.##.#.##
#.##.#.##.#.#.##.#.##
.#.##.#.##.#)##.#.##
#.#.##.#.##.##.#.##
##.#.##.#.###.#.##
.##.#.##.#.#.#.##


You could see Sigmund (strong, ally target) and a friendly crimson imp
(summoned).

Vanquished Creatures
  2 dart slugs
  3 endoplasms
  3 giant cockroaches (D:1)
  5 goblins
  4 hobgoblins
  5 jackals
  4 quokkas
  4 ball pythons
  7 bats
  A frilled lizard (D:1)
  3 kobolds
  4 rats
45 creatures vanquished.

Notes
Turn   | Place    | Note
-------+----------+-------------------------------------------
     0 | D:1      | MisterAzrael the Deep Elf Hedge Wizard began the quest for
                  | the Orb.
     0 | D:1      | Reached XP level 1. HP: 10/10 MP: 7/7
   212 | D:1      | Learned a level 1 spell: Slow
   229 | D:1      | Reached XP level 2. HP: 15/15 MP: 1/9
   232 | D:1      | Learned a level 2 spell: Blink
   235 | D:1      | Learned a level 2 spell: Call Imp
   238 | D:1      | Learned a level 2 spell: Cigotuvi's Dreadful Rot
   888 | D:1      | Found a faded altar of an unknown god.
   976 | D:1      | Reached XP level 3. HP: 19/19 MP: 3/11
  1327 | D:2      | Learned a level 2 spell: Searing Ray
  1440 | D:2      | Found a bloodstained altar of Trog.
  1455 | D:2      | Reached skill level 5 in Spellcasting
  1801 | D:2      | Noticed Sigmund
  1824 | D:2      | Slain by Sigmund

Illustrated notes

Levels and vault maps discovered:
D:1:      wander_arrival_chamber, layout_basic,
          hellmonk_ecumenical_altar_slurped_away, minivault_4
D:2:      minmay_inner_zag, layout_rooms, basic_altar,
          kennysheep_generic_room_9, uniq_sigmund

Skill      XL: |  1  2  3 |
---------------+----------+-----
Conjurations   | 2 |  2.7
Translocations | 2 |  2.2
Spellcasting   | 5 |  5.0
Dodging        | |  2.4
Stealth        | |  2.4
Summonings     | |  1.1

Action                   || total
-------------------------++-------
 Cast: Magic Dart        ||   105
       Slow              ||     2
       Call Imp          ||     1
       Searing Ray       ||     1
  Use: Scroll            ||     1
       Potion            ||     1
Armor: Robe              ||     4
Dodge: Dodged            ||    16

Table legend: (Time is in decaauts)
 A = Elapsed time spent in this place.
 B = Non-inter-level travel time spent in this place.
 C = Inter-level travel time spent in this place.
 D = Time resting spent in this place.
 E = Time spent auto-exploring this place.
 F = Levels seen in this place.
 G = Mean time per level.
                   A        B        C        D        E       F      G
               +--------+--------+--------+--------+--------+-----+--------+
         Total |   1824 |   1789 |     35 |     64 |   1513 |   2 |  912.0 |
       Dungeon |   1824 |   1789 |     35 |     64 |   1513 |   2 |  912.0 |
               +--------+--------+--------+--------+--------+-----+--------+

Top non-repeatable levels by time:
     D:1: 1310 daAuts
     D:2: 513 daAuts
